 Dungeon Crawl Stone Soup version 0.16.1-4-g8e1b745 (console) character file.

42 gw the Charlatan (level 3, 0/20 HPs)
             Began as a Deep Elf Artificer on Mar 28, 2015.
             Was an Initiate of Yredelemnul.
             Succumbed to an adder's poison
             ... on level 5 of the Dungeon.
             The game lasted 00:00:57 (1251 turns).

gw the Charlatan (Deep Elf Artificer)               Turns: 1251, Time: 00:00:58

Health: 0/20       AC:  5    Str:  8    XL:     3   Next: 33%
Magic:  7/7        EV: 11    Int: 16    God:    Yredelemnul [......]
Gold:   27         SH:  0    Dex: 16    Spells: 0 memorised, 2 levels left

rFire  . . .     SeeInvis .     a - +0 short sword
rCold  . . .     Clarity  .     k - +0 ring mail
rNeg   . . .     SustAb   .     (no shield)
rPois  .         Gourm    .     (no helmet)
rElec  .         Spirit   .     (no cloak)
rCorr  .         Warding  .     (no gloves)
rMut   .         Stasis   .     (no boots)
MR     .....                    (no amulet)
Stlth  +.........               (no ring)
                                (no ring)

@: lethally poisoned (0 -> -6), not resistant to hostile enchantments, very
unstealthy
A: no striking features
a: Renounce Religion


You were on level 5 of the Dungeon.
You worshipped Yredelemnul.
Yredelemnul was noncommittal.
You were very hungry.

You visited 2 branches of the dungeon, and saw 6 of its levels.

You collected 27 gold pieces.

Inventory:

Hand weapons
 a - a +0 short sword (weapon)
Missiles
 e - 10 arrows
Armour
 k - a +0 ring mail (worn)
Magical devices
 b - a wand of flame (10)
 c - a wand of enslavement (12)
 d - a wand of random effects (12)
Scrolls
 g - a scroll of teleportation {unknown}
Comestibles
 f - a bread ration
 h - a slice of pizza
 j - 2 meat rations


   Skills:
 + Level 1.2 Fighting
 * Level 2.5 Short Blades
 + Level 3.0 Dodging
 - Level 1.2 Stealth
 + Level 0.0 Invocations
 - Level 3.2 Evocations


You had 2 spell levels left.
You didn't know any spells.

Dungeon Overview and Level Annotations

Branches:
Dungeon (5/15)             Temple (1/1) D:4

Altars:
Ashenzari
Elyvilon
Fedhas
Gozag
Makhleb
Nemelex Xobeh
Okawaru
Ru
Sif Muna
Trog
Vehumet
Yredelemnul
The Shining One

Annotations:
D:5 gw's ghost, weakling DEAr


Message History

Unknown command.
ATTACKING (0,-1)
You swing at nothing.
Unknown command.
Unknown command.
Unknown command.
Unknown command.
Ally in attack direction; making random move Making a random move You swap places.
You feel sick.
Unknown command.
Unknown command.
Unknown command.
MOVING TO (3,-1) Unknown command.
Unknown command.
Unknown command.
MOVING TO (2,-1)
You die...
Your body rises from the dead as a mindless zombie.

.... ....## #+##....#
..#.... .'.... ##...
#...#######
#...'.....#
#...#.W.e.#...
#...#.%...'...+
#######...#######...#
#......#'##........##
#......+..'........+
#......##'#........
########......###..
#..'......+ .
##########......#


You could see the friendly gw's ghost.

Table legend:
 A = Turns spent in this place as a percentage of turns spent in the entire game.
 B = Non-inter-level travel turns spent in this place as a percentage of non-inter-level travel turns spent in the entire game.
 C = Inter-level travel turns spent in this place as a percentage of turns spent in this place.
 D = Turns resting spent in this place as a percentage of non-inter-level travel turns spent in this place.
 E = Turns spent auto-exploring this place as a percentage of non-inter-level travel turns spent in this place.
 F = Non-inter-level travel turns spent in this place divided by the number of levels of this place that you've seen.
                   A       B       C       D       E      F
               +-------+-------+-------+-------+-------+----------------------
         Total | 100.0 | 100.0 |   1.9 |   1.8 |   2.5 | 208.8
       Dungeon |  81.1 |  80.8 |   2.2 |   2.2 |   2.2 | 202.6
        Temple |  18.9 |  19.2 |   0.4 |   0.0 |   3.8 | 240.0
               +-------+-------+-------+-------+-------+----------------------

Table legend:
 A = Kills in this place as a percentage of kills in entire the game.
 B = Kills by you in this place as a percentage of kills by you in the entire game.
 C = Kills by friends in this place as a percentage of kills by friends in the entire game.
 D = Other kills in this place as a percentage of other kills in the entire game.
 E = Experience gained in this place as a percentage of experience gained in the entire game.
 F = Experience gained in this place divided by the number of levels of this place that you have seen.
                   A       B       C       D       E      F
               +-------+-------+-------+-------+-------+----------------------
         Total | 100.0 | 100.0 | 100.0 |  -nan | 100.0 |  10.0
       Dungeon | 100.0 | 100.0 | 100.0 |  -nan | 100.0 |  12.0
               +-------+-------+-------+-------+-------+----------------------

Vanquished Creatures
  Jessica (D:2)
  An adder (D:3)
  An ooze (D:3)
  A bat (D:3)
  A hobgoblin (D:3)
  A jackal (D:2)
  A kobold (D:1)
  A goblin (D:3)
  A rat (D:3)
9 creatures vanquished.

Vanquished Creatures (collateral kills)
  An adder (D:5)
1 creature vanquished.

Grand Total: 10 creatures vanquished

Notes
Turn   | Place    | Note
--------------------------------------------------------------
     0 | D:1      | gw, the Deep Elf Artificer, began the quest for the Orb.
     0 | D:1      | Reached XP level 1. HP: 11/11 MP: 2/2
   138 | D:2      | Noticed Jessica
   140 | D:2      | Killed Jessica
   140 | D:2      | Reached skill level 1 in Fighting
   140 | D:2      | Reached XP level 2. HP: 14/16 MP: 5/5
   807 | D:3      | Reached XP level 3. HP: 15/20 MP: 7/7
  1078 | D:4      | Found a staircase to the Ecumenical Temple.
  1088 | Temple   | Entered the Ecumenical Temple
  1093 | Temple   | Became a worshipper of Yredelemnul the Dark
  1181 | D:5      | Entered Level 5 of the Dungeon
  1228 | D:5      | Noticed gw's ghost (weakling DEAr)
  1246 | D:5      | HP: 1/20 [poisoned by an adder]
  1251 | D:5      | Succumbed to an adder's poison

Action                   || total
-------------------------++-------
Melee: Short sword       ||    39
Evoke: Wand              ||    11
  Use: Scroll            ||     2

Vault maps used:
D:1:      saegor_arrival_simple_b
D:2:      lemuel_doored_altar, serial_forest, infiniplex_forest_clump_tiny,
          infiniplex_forest_lined_2, infiniplex_forest_lined_1,
          infiniplex_forest_clump_small, infiniplex_forest_lined_corner,
          infiniplex_forest_clump_small, infiniplex_forest_lined_corner,
          infiniplex_forest_clump_diagonal, kennysheep_generic_room_7,
          uniq_crazy_yiuf_cottage, uniq_jessica
D:3:      gup_sewer_entry_glass, uniq_natasha, uniq_iyjb
D:4:      minmay_temple_entry_glass, first_bread, grunt_ministairs_1,
          dk_noncrumbling_3, kennysheep_generic_room_4
D:5:      minmay_lizard_king
Temple:   circular_temple_13
